 Dungeon Crawl Stone Soup version 0.31-a0-236-g9a0961fb85 (webtiles) character file.

Game seed: 342905284392292931

13111 qw the Skirmisher (level 11, -7/100 HPs)
             Began as a Minotaur Hexslinger on July 10, 2023.
             Was an Elder of Okawaru.
             Mangled by a four-headed hydra (8 damage)
             ... on level 1 of the Lair of Beasts.
             The game lasted 00:04:37 (10516 turns).

qw the Skirmisher (Minotaur Hexslinger)            Turns: 10516, Time: 00:04:38

Health: -7/100     AC: 14    Str: 14    XL:     11   Next: 71%
Magic:  15/16      EV: 17    Int: 17    God:    Okawaru [****..]
Gold:   294        SH:  0    Dex: 14    Spells: 11/12 levels left

rFire   . . .        Y - +0 longbow
rCold   + . .        (shield currently unavailable)
rNeg    + . .        e - +2 robe of an ossuary {Fly Dex-2 Slay+2}
rPois   .            (helmet restricted)
rElec   .            l - +2 cloak
rCorr   .            (no gloves)
SInv    .            h - +1 pair of boots "Yfaro" {rN+ Int+4 Slay+2}
Will    .....        u - amulet of faith
Stlth   +++          d - ring of protection from cold
HPRegen 0.36/turn    c - ring of the Good {AC+4 Int+3}
MPRegen 0.15/turn

%: faith
@: heroic, flying
A: horns 2, retaliatory headbutt
a: Renounce Religion, Heroism, Finesse


You were on level 1 of the Lair of Beasts.
You worshipped Okawaru.
Okawaru was greatly pleased with you.
You visited 3 branches of the dungeon, and saw 12 of its levels.
You also visited: Ossuary.

You collected 564 gold pieces.
You spent 270 gold pieces at shops.


Innate Abilities, Weirdness & Mutations

You have a pair of horns on your head.
You reflexively headbutt those who attack you in melee.


   Skills:
 - Level 10.2(15.2) Fighting
 + Level 14.8(19.8) Ranged Weapons
 - Level 3.1(8.1) Armour
 - Level 6.0(11.0) Dodging
 - Level 1.0 Spellcasting
 - Level 2.0 Hexes
 + Level 8.3 Invocations


You had 11 spell levels left.
You knew the following spells:

 Your Spells              Type           Power      Damage    Failure   Level
a - Slow                  Hex            28%        N/A       10%         1

Your spell library contained the following spells:

 Spells                   Type           Power      Damage    Failure   Level
 Inner Flame              Hex/Fire       4%         N/A       38%         3
 Portal Projectile        Hex/Tloc       8%         N/A       38%         3
 Cause Fear               Hex            3%         N/A       67%         4

Inventory:

Hand Weapons
 Y - a +0 longbow (weapon)
Armour
 a - a +2 leather armour of willpower
 e - the +2 robe of an ossuary (worn) {Fly Dex-2 Slay+2}
   (You found it on level 7 of the Dungeon)

   Dex:       It affects your dexterity (-2).
   Slay:      It affects your accuracy & damage with ranged weapons and melee
   (+2).
   Fly:       It grants you flight.
 h - the +1 pair of boots "Yfaro" (worn) {rN+ Int+4 Slay+2}
   (You found it on level 7 of the Dungeon)

   Int:       It affects your intelligence (+4).
   Slay:      It affects your accuracy & damage with ranged weapons and melee
   (+2).
   rN:        It protects you from negative energy.
 l - a +2 cloak (worn)
 q - the -2 pair of boots "Rysolouz" {rElec rF+ rN++ Int-3}
   (You bought it in a shop on level 6 of the Dungeon)

   Int:       It affects your intelligence (-3).
   rF:        It protects you from fire.
   rElec:     It insulates you from electricity.
   rN:        It greatly protects you from negative energy.
 s - the +3 hat of Pondering {ponderous, Will+ MP+10 Int+5}
   (You took it off Gastronok on level 1 of the Lair of Beasts)

   Int:       It affects your intelligence (+5).
   MP:        It affects your magic capacity (+10).
   Will:      It increases your willpower.
 t - +0 steam dragon scales
Jewellery
 c - the ring of the Good (right hand) {AC+4 Int+3}
   (You found it on level 4 of the Dungeon)

   [ring of protection]

   AC:        It affects your AC (+4).
   Int:       It affects your intelligence (+3).
 d - a ring of protection from cold (left hand)
 n - an amulet of regeneration
 p - a ring of willpower
 u - an amulet of faith (around neck)
Scrolls
 j - 9 scrolls of identify
Potions
 b - 2 potions of might
 f - 2 potions of resistance
 g - 3 potions of haste
 i - 6 potions of curing
 m - 3 potions of mutation
 o - 4 potions of enlightenment
 r - a potion of magic

Dungeon Overview and Level Annotations

Branches:
Dungeon (9/15)             Temple (1/1) D:5            Lair (2/5) D:9
Ossuary (visited)
  Swamp: Lair:2-3    Shoals: Lair:2-3     Snake: Lair:2-3    Spider: Lair:2-3
    Orc: D:9-12

Altars:
Ashenzari
Cheibriados
Dithmenos
Elyvilon
Fedhas
Gozag
Hepliaklqana
Kikubaaqudgha
Makhleb
Nemelex Xobeh
Okawaru
Qazlal
Ru
Sif Muna
Trog
Vehumet
Wu Jian
Xom
Yredelemnul
Zin
The Shining One

Shops:
D:6 *

Annotations:
D:7 exclusion: wight
Lair:1 exclusion: oklob plant


Message History

The four-headed hydra is moderately wounded.
The four-headed hydra bites you.
The four-headed hydra barely misses you.
The four-headed hydra closely misses you.
The four-headed hydra bites you but does no damage.
You shoot an arrow. The arrow hits the four-headed hydra.
The four-headed hydra is moderately wounded.
The four-headed hydra bites you.
The four-headed hydra barely misses you.
The four-headed hydra bites you.
The four-headed hydra bites you but does no damage.
10511 ||| STAIRDANCE The komodo dragon bites you!!
The four-headed hydra bites you but does no damage.
The four-headed hydra closely misses you.
The four-headed hydra completely misses you.
The four-headed hydra bites you but does no damage.
The komodo dragon hisses angrily.
You fly upwards.
Level annotation: exclusion: oklob plant
There is a stone staircase leading down here.
You shoot an arrow. The arrow hits the four-headed hydra!!
The four-headed hydra is heavily wounded.
The komodo dragon bites you!!
10514 ||| DRINKING potion of heal wounds.
You feel much better. The four-headed hydra bites you. x2
The four-headed hydra barely misses you.
The four-headed hydra bites you but does no damage.
The komodo dragon closely misses you.
You shoot an arrow. The arrow hits the four-headed hydra!
The four-headed hydra is severely wounded.
The four-headed hydra bites you but does no damage.
The four-headed hydra closely misses you.
The four-headed hydra bites you! x2
You shoot an arrow. The arrow hits the four-headed hydra!
The four-headed hydra is almost dead.
The komodo dragon completely misses you.
The four-headed hydra bites you!
You die...

#...8...# #
##.#.....#
#........#
###.#...##
##.+.######
#######.....#.#.###
#.8.##.##.#..#..8.##
.....#..........D..#
8.>..'...8......@.8#
....!#...........l.#
..8.##.##....##.8.##
.#.#.#.....).######
#####.#.#'####
###.....###
#........##
#.....#.#.#
#...8....##


You could see a four-headed hydra and a komodo dragon.

Vanquished Creatures
  Gastronok (Lair:1)
  Harold (D:9)
  Erica (D:8)
  Urug (Lair:1)
  Maurice (D:9)
  Joseph (D:7)
  2 cane toads (Lair:1)
  Maggie (D:9)
  2 komodo dragons
  A hornet (D:7)
  3 blink frogs (Lair:1)
  Sigmund (D:4)
  A shadow (D:6)
  2 wraiths
  2 wyverns
  Eustachio (D:6)
  6 yaks (D:9)
  7 water moccasins
  An orc warrior (D:9)
  A sky beast (D:7)
  4 black bears
  3 ice beasts
  9 wolves (Lair:1)
  A centaur (D:6)
  2 phantoms
  A kobold brigand (D:8)
  7 bullfrogs
  A gnoll sergeant (D:9)
  4 scorpions
  15 wights
  10 killer bees (D:9)
  4 howler monkeys
  2 jellies
  4 orc priests
  2 gnoll boudas (D:7)
  2 hounds
  Jessica (D:2)
  3 iguanas
  5 sleepcaps
  3 orc wizards
  3 mummies (Ossuary)
  17 gnolls
  4 adders
  2 shadow imps
  A white imp (D:6)
  3 ufetubi
  A dart slug (D:4)
  13 orcs
  7 ball pythons
  2 bats (D:1)
  7 endoplasms
  5 giant cockroaches
  8 hobgoblins
  3 quokkas
  5 frilled lizards
  2 goblins
  5 goblin zombies (Ossuary)
  2 hobgoblin zombies (Ossuary)
  9 kobolds
  3 kobold zombies (Ossuary)
  An orc zombie (Ossuary)
  3 rats
226 creatures vanquished.

Notes
Turn   | Place    | Note
-------+----------+-------------------------------------------
     0 | D:1      | qw the Minotaur Hexslinger began the quest for the Orb.
     0 | D:1      | Reached XP level 1. HP: 16/16 MP: 1/1
     0 | D:1      | 0 ||| qw: Version: 0.3-a-52-g30416fa
     0 | D:1      | 0 ||| qw: Game counter: 4611
     0 | D:1      | 0 ||| qw: Melee chars always use a shield: true
     0 | D:1      | 0 ||| qw: God list: Okawaru
     0 | D:1      | 0 ||| qw: Allow faded altars: false
     0 | D:1      | 0 ||| qw: Do Orc after clearing Dungeon:15 true
     0 | D:1      | 0 ||| qw: Do second Lair branch before Depths: true
     0 | D:1      | 0 ||| qw: Lair rune preference: random
     0 | D:1      | 0 ||| qw: Goals: Normal
     0 | D:1      | 0 ||| PLANNING D:1-11
    90 | D:1      | Reached skill level 3 in Ranged Weapons
   140 | D:1      | Reached XP level 2. HP: 23/23 MP: 2/2
   727 | D:1      | Reached XP level 3. HP: 29/29 MP: 3/3
   834 | D:1      | 834 ||| UPGRADING to +0 ring mail.
   844 | D:1      | 844 ||| DROPPING +0 robe.
   845 | D:1      | 845 ||| READING scroll labelled MUDDIH TUOKYN.
   846 | D:1      | 846 ||| READING 2 scrolls labelled GIGRAB UDYMPO.
   847 | D:1      | 847 ||| READING scroll of brand weapon.
   847 | D:1      | 847 ||| BRANDING +1 sling of draining.
   848 | D:1      | 848 ||| READING 3 scrolls labelled NOG SIKUALACK.
   849 | D:1      | 849 ||| READING scroll labelled QANWAM TONKYRI.
   850 | D:1      | 850 ||| DRINKING 3 pink potions.
   851 | D:1      | 851 ||| READING 2 scrolls of identify.
   851 | D:1      | 851 ||| IDENTIFYING bubbling purple potion
   852 | D:1      | 852 ||| DROPPING scroll of poison.
   989 | D:2      | Noticed Jessica
   997 | D:2      | Killed Jessica
   998 | D:2      | Reached skill level 4 in Ranged Weapons
  1352 | D:2      | Noticed a scorpion
  1359 | D:2      | Killed a scorpion
  1360 | D:2      | Reached skill level 3 in Armour
  1360 | D:2      | Reached XP level 4. HP: 32/36 MP: 4/4
  1780 | D:2      | 1780 ||| UPGRADING to +0 pair of boots.
  1785 | D:2      | 1785 ||| UPGRADING to ring of willpower.
  1786 | D:2      | 1786 ||| READING scroll labelled XOSKATT VUDO.
  1787 | D:2      | 1787 ||| READING scroll labelled MITAVV ASCHI.
  1851 | D:3      | Reached XP level 5. HP: 38/41 MP: 5/5
  2354 | D:3      | 2354 ||| READING scroll labelled RETWUON TORI.
  2355 | D:3      | 2355 ||| DRINKING 3 purple potions.
  2356 | D:3      | 2356 ||| READING 2 scrolls of identify.
  2356 | D:3      | 2356 ||| IDENTIFYING fuming yellow potion
  2357 | D:3      | 2357 ||| DROPPING potion of invisibility.
  2375 | D:4      | Noticed a phantom
  2383 | D:4      | Killed a phantom
  2384 | D:4      | Reached skill level 5 in Ranged Weapons
  2469 | D:4      | Reached skill level 3 in Fighting
  2523 | D:4      | Reached XP level 6. HP: 30/51 MP: 6/6
  2535 | D:4      | 2535 ||| FLEEEEING.
  2570 | D:4      | Reached skill level 6 in Ranged Weapons
  2703 | D:4      | Noticed Sigmund
  2712 | D:4      | 2712 ||| DROPPING potion of brilliance.
  2712 | D:4      | HP: 12/51 [Sigmund/+4 scythe of protection (1)]
  2713 | D:4      | 2713 ||| DRINKING 2 potions of heal wounds.
  2715 | D:4      | 2715 ||| FLEEEEING.
  2716 | D:4      | 2716 ||| FLEEEEING.
  2723 | D:4      | 2723 ||| FLEEEEING.
  2723 | D:4      | HP: 8/51 [Sigmund/puff of flame (6)]
  2724 | D:4      | 2724 ||| DRINKING potion of heal wounds.
  2739 | D:4      | Killed Sigmund
  3007 | D:4      | Identified the ring of the Good {AC+4 Int+3}
  3025 | D:4      | Reached XP level 7. HP: 46/61 MP: 7/7
  3453 | D:4      | Found a blossoming altar of Fedhas.
  3453 | D:4      | Found a burning altar of Makhleb.
  3454 | D:4      | Found a basalt altar of Yredelemnul.
  3550 | D:4      | 3550 ||| UPGRADING to ring of the Good {AC+4 Int+3}.
  3551 | D:4      | 3551 ||| READING scroll labelled PAD SOSUEGUBARUAWI.
  3554 | D:4      | 3554 ||| READING 3 scrolls of identify.
  3554 | D:4      | 3554 ||| IDENTIFYING yellow potion
  3555 | D:4      | 3555 ||| READING 2 scrolls of identify.
  3555 | D:4      | 3555 ||| IDENTIFYING fizzy clear potion
  3556 | D:4      | 3556 ||| DROPPING potion of lignification.
  3600 | D:5      | Entered Level 5 of the Dungeon
  3615 | D:5      | Found a staircase to the Ecumenical Temple.
  3616 | D:5      | 3616 ||| PLANNING TEMPLE
  3624 | Temple   | Entered the Ecumenical Temple
  3699 | Temple   | 3699 ||| PLANNING OKAWARU WORSHIP
  3760 | Temple   | Became a worshipper of Warmaster Okawaru
  3761 | Temple   | 3761 ||| PLANNING D:1-11
  4012 | D:5      | Reached skill level 7 in Ranged Weapons
  4565 | D:5      | 4565 ||| UPGRADING to ring of protection from cold.
  4567 | D:5      | 4567 ||| READING 2 scrolls of identify.
  4567 | D:5      | 4567 ||| IDENTIFYING grey potion
  4628 | D:6      | 4628 ||| PLANNING OSSUARY
  4691 | D:6      | Found a radiant altar of Vehumet.
  4696 | D:6      | Found a shadowy altar of Dithmenos.
  4698 | D:6      | Found a shimmering blue altar of Sif Muna.
  4702 | D:6      | Found a glowing golden altar of the Shining One.
  4732 | D:6      | Reached skill level 8 in Ranged Weapons
  4801 | D:6      | Found a sand-covered staircase.
  4807 | Ossuary  | Entered an ossuary
  4807 | Ossuary  | Noticed a wraith
  4807 | Ossuary  | Noticed a wraith
  4807 | Ossuary  | Noticed a wraith
  4972 | Ossuary  | Noticed a wraith
  4990 | Ossuary  | Killed a wraith
  4990 | Ossuary  | Reached * piety under Okawaru
  4991 | Ossuary  | Reached skill level 9 in Ranged Weapons
  4991 | Ossuary  | Reached XP level 8. HP: 27/68 MP: 8/8
  5294 | Ossuary  | 5294 ||| UPGRADING to amulet of regeneration.
  5299 | Ossuary  | 5299 ||| READING scroll labelled WIGHOA ZEITZ.
  5300 | Ossuary  | 5300 ||| READING scroll labelled PEHIWO JOIRUINIQU.
  5401 | Ossuary  | 5401 ||| READING 4 scrolls of identify.
  5401 | Ossuary  | 5401 ||| IDENTIFYING fuming amethyst potion
  5402 | Ossuary  | 5402 ||| READING 3 scrolls of identify.
  5402 | Ossuary  | 5402 ||| IDENTIFYING fuming orange potion
  5403 | Ossuary  | 5403 ||| READING 2 scrolls of identify.
  5403 | Ossuary  | 5403 ||| IDENTIFYING orange potion
  5404 | Ossuary  | 5404 ||| DROPPING potion of degeneration.
  5437 | D:6      | 5437 ||| PLANNING D:1-11
  5461 | D:6      | Noticed Eustachio
  5462 | D:6      | 5462 ||| INVOKING Heroism.
  5476 | D:6      | 5476 ||| INVOKING Heroism.
  5480 | D:6      | Killed Eustachio
  5616 | D:6      | Found Hoj Uji's Assorted Antiques.
  5630 | D:6      | Reached skill level 6 in Fighting
  5638 | D:6      | 5638 ||| BUYING fuming silvery potion (23 gold).
  5638 | D:6      | Bought a fuming silvery potion for 23 gold pieces
  5638 | D:6      | 5638 ||| BUYING pair of heavily runed boots (247 gold).
  5638 | D:6      | Bought a pair of heavily runed boots for 247 gold pieces
  5638 | D:6      | Identified the -2 pair of boots "Rysolouz" {rElec rF+ rN++
                  | Int-3} (You bought it in a shop on level 6 of the Dungeon)
  5638 | D:6      | 5638 ||| SHOPLISTING potion of curing (78 gold, have 17).
  5638 | D:6      | 5638 ||| SHOPLISTING potion of mutation (208 gold, have
                  | 17).
  5638 | D:6      | 5638 ||| SHOPLISTING scroll labelled FUKEIPRI WYFOE (26
                  | gold, have 17).
  5638 | D:6      | 5638 ||| SHOPLISTING scroll of teleportation (78 gold, have
                  | 17).
  5638 | D:6      | 5638 ||| SHOPLISTING sharpened bone wand (104 gold, have
                  | 17).
  5717 | D:6      | 5717 ||| INVOKING Heroism.
  5729 | D:6      | Reached skill level 3 in Dodging
  5729 | D:6      | Reached skill level 3 in Invocations
  5789 | D:6      | 5789 ||| SWAPPING to +0 shortbow.
  5790 | D:6      | 5790 ||| DROPPING +2 sling of flaming.
  5843 | D:6      | 5843 ||| INVOKING Heroism.
  5847 | D:6      | HP: 14/70 [shadow (5)]
  5848 | D:6      | 5848 ||| DRINKING 2 potions of heal wounds.
  5868 | D:6      | 5868 ||| INVOKING Heroism.
  5878 | D:6      | Reached ** piety under Okawaru
  5881 | D:6      | Reached XP level 9. HP: 19/75 MP: 8/11
  5881 | D:6      | HP: 17/75 [poisoned by a water moccasin]
  5886 | D:6      | HP: 14/75 [poisoned by a water moccasin]
  5956 | D:6      | 5956 ||| INVOKING Heroism.
  5966 | D:6      | Reached skill level 10 in Ranged Weapons
  5978 | D:6      | 5978 ||| INVOKING Heroism.
  6090 | D:6      | 6090 ||| UPGRADING to +2 leather armour of willpower.
  6100 | D:6      | 6100 ||| DROPPING +0 ring mail.
  6101 | D:6      | 6101 ||| UPGRADING to -2 pair of boots "Rysolouz" {rElec
                  | rF+ rN++ Int-3}.
  6111 | D:6      | 6111 ||| READING 3 scrolls of identify.
  6111 | D:6      | 6111 ||| IDENTIFYING fuming silvery potion
  6112 | D:6      | 6112 ||| READING 2 scrolls of identify.
  6112 | D:6      | 6112 ||| IDENTIFYING coppery potion
  6113 | D:6      | 6113 ||| DROPPING potion of berserk rage.
  6210 | D:7      | Identified the +1 pair of boots "Yfaro" {rN+ Int+4 Slay+2}
  6230 | D:7      | 6230 ||| Stepping ~*~*~tactically~*~*~ (outnumbered).
  6231 | D:7      | 6231 ||| INVOKING Heroism.
  6338 | D:7      | 6338 ||| INVOKING Heroism.
  6577 | D:7      | 6577 ||| INVOKING Heroism.
  6588 | D:7      | 6588 ||| DROPPING +0 pair of boots.
  6598 | D:7      | Reached skill level 11 in Ranged Weapons
  6731 | D:7      | 6731 ||| INVOKING Heroism.
  6757 | D:7      | Noticed Joseph
  6765 | D:7      | 6765 ||| FLEEEEING.
  6767 | D:7      | 6767 ||| FLEEEEING.
  6768 | D:7      | 6768 ||| FLEEEEING.
  6769 | D:7      | 6769 ||| FLEEEEING.
  6770 | D:7      | 6770 ||| FLEEEEING.
  6787 | D:7      | 6787 ||| INVOKING Heroism.
  6792 | D:7      | HP: 17/79 [+1 spectral quarterstaff[Joseph] (5)]
  6793 | D:7      | 6793 ||| DRINKING potion of heal wounds.
  6795 | D:7      | HP: 4/79 [+1 spectral quarterstaff[Joseph] (16)]
  6797 | D:7      | Killed Joseph
  6909 | D:7      | 6909 ||| READING scroll of brand weapon.
  6909 | D:7      | 6909 ||| BRANDING +0 shortbow.
  6912 | D:7      | Identified the +2 robe of an ossuary {Fly Dex-2 Slay+2}
  6999 | D:7      | 6999 ||| SWAPPING to +0 longbow.
  7000 | D:7      | 7000 ||| DROPPING +0 heavy shortbow.
  7007 | D:7      | 7007 ||| INVOKING Heroism.
  7011 | D:7      | Reached skill level 12 in Ranged Weapons
  7022 | D:7      | HP: 15/80 [hornet (10)]
  7022 | D:7      | Paralysed by a hornet for 1 turns
  7024 | D:7      | HP: 6/80 [poisoned by a hornet]
  7026 | D:7      | HP: 2/80 [poisoned by a hornet]
  7027 | D:7      | 7027 ||| INVOKING Heroism.
  7031 | D:7      | HP: 2/81 [poisoned by a hornet]
  7338 | D:7      | 7338 ||| UPGRADING to +2 robe of an ossuary {Fly Dex-2
                  | Slay+2}.
  7348 | D:7      | 7348 ||| UPGRADING to +1 pair of boots "Yfaro" {rN+ Int+4
                  | Slay+2}.
  7358 | D:7      | 7358 ||| READING scroll labelled QOTOBL DIRCHIT.
  7359 | D:7      | 7359 ||| DRINKING 2 inky potions.
  7360 | D:7      | 7360 ||| DROPPING potion of attraction.
  7418 | D:8      | Reached XP level 10. HP: 88/88 MP: 12/12
  8059 | D:8      | Noticed Erica
  8060 | D:8      | 8060 ||| INVOKING Heroism.
  8081 | D:8      | Killed Erica
  8081 | D:8      | Reached *** piety under Okawaru
  8164 | D:8      | 8164 ||| DROPPING +6 ring of intelligence.
  8165 | D:8      | 8165 ||| READING scroll labelled ZAMINA HOHAG.
  8196 | D:9      | 8196 ||| STAIRDANCE
  8220 | D:9      | Reached skill level 13 in Ranged Weapons
  8245 | D:9      | Noticed Harold
  8246 | D:9      | 8246 ||| INVOKING Heroism.
  8263 | D:9      | HP: 22/90 [Harold/+2 heavy hand axe (16)]
  8264 | D:9      | 8264 ||| DRINKING 2 potions of heal wounds.
  8266 | D:9      | Killed Harold
  8267 | D:9      | Reached skill level 9 in Fighting
  8267 | D:9      | 8267 ||| INVOKING Heroism.
  8277 | D:9      | Reached **** piety under Okawaru
  8322 | D:9      | 8322 ||| INVOKING Heroism.
  8460 | D:9      | 8460 ||| INVOKING Heroism.
  8546 | D:9      | Reached skill level 14 in Ranged Weapons
  8575 | D:9      | Noticed Maggie
  8582 | D:9      | Killed Maggie
  8583 | D:9      | Reached XP level 11. HP: 99/99 MP: 14/14
  8651 | D:9      | 8651 ||| Stepping ~*~*~tactically~*~*~ (outnumbered).
  8652 | D:9      | Noticed Maurice
  8654 | D:9      | 8654 ||| FLEEEEING.
  8655 | D:9      | 8655 ||| FLEEEEING.
  8657 | D:9      | 8657 ||| FLEEEEING.
  8658 | D:9      | 8658 ||| FLEEEEING.
  8659 | D:9      | 8659 ||| FLEEEEING.
  8660 | D:9      | 8660 ||| FLEEEEING.
  8661 | D:9      | 8661 ||| FLEEEEING.
  8662 | D:9      | 8662 ||| FLEEEEING.
  8676 | D:9      | 8676 ||| FLEEEEING.
  8678 | D:9      | 8678 ||| STAIRDANCE
  8680 | D:8      | 8680 ||| UPGRADING to amulet of faith.
  8690 | D:8      | 8690 ||| READING scroll labelled FUOSAT PEGG.
  8698 | D:9      | 8698 ||| STAIRDANCE
  8774 | D:9      | 8774 ||| STAIRDANCE
  8882 | D:9      | Killed Maurice
  8893 | D:9      | 8893 ||| STAIRDANCE
  8917 | D:9      | 8917 ||| STAIRDANCE
  8984 | D:9      | Found a staircase to the Lair.
  8985 | D:9      | 8985 ||| INVOKING Heroism.
  9057 | D:9      | Reached skill level 6 in Invocations
  9097 | D:9      | 9097 ||| PLANNING LAIR
  9097 | D:9      | 9097 ||| UPGRADING to +1 cloak.
  9102 | D:9      | 9102 ||| READING scroll of enchant armour.
  9102 | D:9      | 9102 ||| ENCHANTING +1 cloak.
  9146 | Lair:1   | Entered Level 1 of the Lair of Beasts
  9151 | Lair:1   | Reached skill level 6 in Dodging
  9181 | Lair:1   | Noticed Gastronok
  9182 | Lair:1   | 9182 ||| INVOKING Heroism.
  9194 | Lair:1   | Killed Gastronok
  9194 | Lair:1   | Received a gift from Okawaru
  9224 | Lair:1   | Reached ***** piety under Okawaru
  9407 | Lair:1   | 9407 ||| INVOKING Heroism.
  9456 | Lair:1   | Identified the +1 robe of Idealism {rC- Int+3} (Okawaru
                  | gifted it to you on level 1 of the Lair of Beasts)
  9456 | Lair:1   | Received a gift from Okawaru
  9487 | Lair:1   | 9487 ||| INVOKING Heroism.
  9631 | Lair:1   | Noticed Urug
  9632 | Lair:1   | 9632 ||| INVOKING Heroism.
  9633 | Lair:1   | 9633 ||| INVOKING Finesse.
  9646 | Lair:1   | Killed Urug
  9755 | Lair:1   | 9755 ||| INVOKING Heroism.
  9822 | Lair:1   | Found a burning altar of Makhleb.
  9822 | Lair:1   | Noticed an oklob plant
  9823 | Lair:1   | 9823 ||| INVOKING Heroism.
  9828 | Lair:1   | 9828 ||| DROPPING +1 robe of Idealism {rC- Int+3}.
 10382 | Lair:1   | 10382 ||| READING scroll labelled FUKEIPRI WYFOE.
 10501 | Lair:2   | Noticed a four-headed hydra
 10502 | Lair:2   | 10502 ||| INVOKING Heroism.
 10511 | Lair:2   | 10511 ||| STAIRDANCE
 10511 | Lair:2   | HP: 25/100 [komodo dragon (24)]
 10513 | Lair:1   | HP: 2/100 [komodo dragon (24)]
 10514 | Lair:1   | 10514 ||| DRINKING potion of heal wounds.
 10516 | Lair:1   | Mangled by a four-headed hydra

Levels and vault maps discovered:
D:1:      dpeg_arrival_radiant, layout_basic, serial_forest,
          infiniplex_forest_lined_3, infiniplex_forest_end_1,
          infiniplex_forest_clump_small, infiniplex_forest_lined_3,
          infiniplex_forest_corner_2, infiniplex_forest_lined_3,
          minmay_tromino_v4_a
D:2:      layout_basic, serial_rivers, chequers_serial_rivers_small_b,
          chequers_serial_rivers_large_b, chequers_serial_rivers_marsh,
          chequers_serial_rivers_micro_a, chequers_serial_rivers_micro_b,
          chequers_serial_rivers_micro_d, uniq_jessica
D:3:      layout_basic
D:4:      layout_loops_corners, gammafunk_temple_overflow_forgotten,
          uniq_sigmund
D:5:      layout_loops_ring, temple_fountains
D:6:      minmay_diamond_boxcup, layout_rooms, grunt_temple_overflow_open,
          enter_ossuary_5, serial_shops, nicolae_shop_overgrown_old_shop,
          amcnicky_mini_rare_corridor_liquid, minmay_small_thing, uniq_eustachio
D:7:      layout_cave_pods, uniq_joseph
D:8:      layout_loops_ring, supply_closet_lemuel, nicolae_benzene_ring,
          minmay_misc_feat_ornament, uniq_erica
D:9:      layout_cross, grunt_lair_entry_orc_guard_hut, uniq_maurice,
          uniq_maggie, uniq_harold
Temple:   nicolae_temple_superstar
Lair:1:   layout_cellular_growth, chequers_serial_rivers_small_b,
          serial_bayou_pond_a, lemuel_oklob_altar, serial_bayou_shore_b,
          grunt_megastairs_1, uniq_gastronok, uniq_urug
Lair:2:   layout_roguey, serial_forest, infiniplex_forest_lined_3,
          infiniplex_forest_lined_3, infiniplex_forest_diagonal,
          infiniplex_forest_end_3, infiniplex_forest_zigzag_2,
          infiniplex_forest_clump_double, infiniplex_forest_straight_2,
          evilmike_ambush [evilmike_ambush_outer_corners,
          evilmike_ambush_inner_pond], lemuel_fruit_tree

Skill      XL: |  1  2  3  4  5  6  7  8  9 10 11 |
---------------+----------------------------------+-----
Ranged Weapons | 3 4 5 6 9 12 14 | 14.8
Fighting       | 2 3 5 6 8 9 10 | 10.2
Armour         | 3 |  3.1
Invocations    | 4 5 8 |  8.3
Dodging        | 3 4 5 6 |  6.0
Spellcasting   | |  1.0
Hexes          | |  2.0

Action                     |  1- 3 |  4- 6 |  7- 9 | 10-12 || total
---------------------------+-------+-------+-------+-------++-------
   Fire: Sling             |    74 |    99 |   209 |       ||   382
         Shortbow          |       |       |   264 |       ||   264
         Longbow           |       |       |    25 |   346 ||   371
 Invoke: Heroism           |       |       |    14 |    13 ||    27
         Finesse           |       |       |       |     1 ||     1
    Use: Scroll            |     6 |     4 |    13 |     4 ||    27
         Potion            |     1 |     3 |     3 |     2 ||     9
 Armour: Robe              |     7 |       |       |    56 ||    63
         Ring mail         |     2 |    17 |    88 |       ||   107
         Leather armour    |       |       |    31 |       ||    31
         Skin              |       |       |       |     7 ||     7
  Dodge: Dodged            |    15 |    30 |   230 |   106 ||   381

Table legend:
 A = Non-vault XP
 B = Vault XP
 C = Vault XP percentage of total XP
 D = Non-vault monster count
 E = Vault monster count
 F = Vault count percentage of total count
                 A         B        C        D         E       F
            +---------+---------+-------+---------+---------+-------
      Total |    9876 |    8855 |  47.3 |     175 |      51 |  22.6
            +---------+---------+-------+---------+---------+-------
        D:1 |      36 |       6 |  14.3 |      23 |       3 |  11.5
        D:2 |      90 |      37 |  29.1 |       6 |       1 |  14.3
        D:3 |      35 |       0 |   0.0 |       7 |       0 |   0.0
        D:4 |     418 |     231 |  35.6 |      25 |       1 |   3.8
        D:5 |     237 |       0 |   0.0 |       9 |       0 |   0.0
        D:6 |     482 |    1332 |  73.4 |      11 |      13 |  54.2
        D:7 |    1711 |     481 |  21.9 |      29 |       1 |   3.3
        D:8 |     657 |     852 |  56.5 |       8 |       1 |  11.1
        D:9 |    3153 |    2247 |  41.6 |      40 |       8 |  16.7
     Lair:1 |    2690 |    3394 |  55.8 |      16 |       8 |  33.3
     Lair:2 |     367 |       0 |   0.0 |       1 |       0 |   0.0
    Ossuary |       0 |     275 | 100.0 |       0 |      15 | 100.0
            +---------+---------+-------+---------+---------+-------
